 Dungeon Crawl Stone Soup version 0.31-a0-188-g5e087ee2ca (webtiles) character file.

Game seed: 12198477628573146295

100 qw the Shooter (level 4, 0/25 HPs)
             Began as a Deep Elf Hunter on June 23, 2023.
             Slain by Natasha (2 damage)
             ... on level 2 of the Dungeon.
             The game lasted 00:00:32 (924 turns).

qw the Shooter (Deep Elf Hunter)                     Turns: 924, Time: 00:00:33

Health: 0/25       AC:  3    Str: 10    XL:     4   Next: 46%
Magic:  6/6        EV: 12    Int: 14    God:
Gold:   46         SH:  0    Dex: 18    Spells: 3/3 levels left

rFire   . . .        a - +0 shortbow
rCold   . . .        (shield currently unavailable)
rNeg    . . .        c - +0 leather armour
rPois   .            (no helmet)
rElec   .            (no cloak)
rCorr   .            (no gloves)
SInv    .            (no boots)
Will    .....        (no amulet)
Stlth   ++           (no ring)
HPRegen 0.24/turn    (no ring)
MPRegen 0.10/turn

%: no passive effects
@: no status effects
A: no striking features
a: no special abilities


You were on level 2 of the Dungeon.
You visited 1 branch of the dungeon, and saw 2 of its levels.

You collected 46 gold pieces.


   Skills:
 - Level 1.5 Fighting
 + Level 7.9 Ranged Weapons
 - Level 2.4 Dodging
 - Level 1.2 Stealth


You had 3 spell levels left.
You didn't know any spells.
Your spell library was empty.

Inventory:

Hand Weapons
 a - a +0 shortbow (weapon)
Armour
 c - a +0 leather armour (worn)
Potions
 b - a potion of mutation {unknown}
 d - 2 potions of curing {unknown}

Dungeon Overview and Level Annotations

Branches:
Dungeon (2/15)

Altars:
Dithmenos

Annotations:
D:2 Natasha


Message History

Natasha mumbles some strange words.
916 ||| Stepping ~*~*~tactically~*~*~ (outnumbered).
The hobgoblin attacks as you move away! The hobgoblin closely misses you.
The bat attacks as you move away! The bat misses you. The bat hits you.
The bat closely misses you.
You shoot an arrow. The arrow barely misses the bat.
The arrow hits the hobgoblin but does no damage.
The hobgoblin is severely wounded.
The bat hits you. The bat misses you.
You shoot an arrow. The arrow barely misses the bat.
The arrow hits the hobgoblin!
You kill the hobgoblin!
The bat barely misses you. The bat hits you but does no damage.
You shoot an arrow. The arrow hits the bat!
You kill the bat!
The cerulean imp closely misses you. Natasha closely misses you.
You shoot an arrow. The arrow closely misses Natasha.
The arrow hits the hobgoblin but does no damage.
The cerulean imp barely misses you.
Natasha growls.
Natasha stares at you and mumbles some strange words.
The magic dart hits you.
You shoot an arrow. The arrow hits Natasha.
Natasha is moderately wounded.
The cerulean imp hits you from afar with a +2 spear.
Natasha casts a spell at you. You resist with some effort.
You shoot an arrow. The arrow hits Natasha.
Natasha is moderately wounded.
The cerulean imp hits you from afar with a +2 spear.
Natasha claws you.
You shoot an arrow. The arrow hits Natasha.
Natasha is severely wounded.
The cerulean imp hits you from afar with a +2 spear.
Natasha claws you.
You shoot an arrow. The arrow closely misses Natasha.
The arrow closely misses the hobgoblin.
The cerulean imp hits you from afar with a +2 spear.
Natasha claws you.
You die...

### ... #############
######### #.....g5.5..#
#........ #h# #.####.##
#@# #.#. .. #.# #.#. ...
#.# #.#.
..%######.#############.##
..........................
..#.....####..#..##..#####
........# ##.....##.##
#.#...%.###..###.##.#
#.......#.....#.....## ###


You could see Natasha, a cerulean imp (summoned) and a hobgoblin.

Vanquished Creatures
  Jessica (D:2)
  Natasha (D:2)
  2 dart slugs
  6 ball pythons
  6 endoplasms
  2 giant cockroaches
  A goblin (D:1)
  6 hobgoblins
  5 jackals
  A quokka (D:1)
  3 bats
  A frilled lizard (D:1)
  4 kobolds (D:1)
  4 rats (D:1)
43 creatures vanquished.

Notes
Turn   | Place    | Note
-------+----------+-------------------------------------------
     0 | D:1      | qw the Deep Elf Hunter began the quest for the Orb.
     0 | D:1      | Reached XP level 1. HP: 12/12 MP: 3/3
     0 | D:1      | 0 ||| qw: Version: 0.3-a-9-g12657ce
     0 | D:1      | 0 ||| qw: Game counter: 3376
     0 | D:1      | 0 ||| qw: Always use a shield: true
     0 | D:1      | 0 ||| qw: God list: Okawaru
     0 | D:1      | 0 ||| qw: Allow faded altars: false
     0 | D:1      | 0 ||| qw: Do Orc after D:15 true
     0 | D:1      | 0 ||| qw: Do second Lair branch before Depths: true
     0 | D:1      | 0 ||| qw: Lair rune preference: random
     0 | D:1      | 0 ||| qw: Plans: Normal
     0 | D:1      | 0 ||| PLANNING D:1-11
    83 | D:1      | Reached skill level 6 in Ranged Weapons
    83 | D:1      | Reached XP level 2. HP: 14/16 MP: 4/4
   117 | D:1      | 117 ||| FLEEEEING.
   118 | D:1      | 118 ||| FLEEEEING.
   119 | D:1      | 119 ||| FLEEEEING.
   120 | D:1      | 120 ||| FLEEEEING.
   121 | D:1      | 121 ||| FLEEEEING.
   137 | D:1      | 137 ||| FLEEEEING.
   138 | D:1      | 138 ||| FLEEEEING.
   358 | D:1      | Reached XP level 3. HP: 9/20 MP: 5/5
   427 | D:1      | Found a faded altar of an unknown god.
   543 | D:1      | 543 ||| DROPPING scroll of butterflies.
   564 | D:2      | Noticed Natasha
   567 | D:2      | Killed Natasha
   568 | D:2      | Reached skill level 7 in Ranged Weapons
   597 | D:2      | Noticed Jessica
   604 | D:2      | Killed Jessica
   605 | D:2      | Reached XP level 4. HP: 25/25 MP: 6/6
   875 | D:2      | Found a shadowy altar of Dithmenos.
   911 | D:2      | Noticed Natasha
   916 | D:2      | 916 ||| Stepping ~*~*~tactically~*~*~ (outnumbered).
   923 | D:2      | HP: 5/25 [Natasha (3)]
   924 | D:2      | HP: 2/25 [cerulean imp/+2 spear[Natasha] (3)]
   924 | D:2      | Slain by Natasha

Levels and vault maps discovered:
D:1:      dpeg_arrival_simpleton_b, layout_rooms,
          shapermc_ecumenical_altar_starsandcircs
D:2:      layout_rooms, basic_altar, serial_shops,
          nicolae_shop_overgrown_old_shop, nrook_loot_triangle,
          roderic_lattice_a, uniq_jessica, uniq_natasha

Skill      XL: |  1  2  3 |
---------------+----------+-----
Ranged Weapons | 6 7 |  7.9
Fighting       | |  1.5
Dodging        | |  2.4
Stealth        | |  1.2

Action                     |  1- 3 |  4- 6 || total
---------------------------+-------+-------++-------
   Fire: Shortbow          |   118 |    31 ||   149
 Armour: Leather armour    |    20 |     9 ||    29
  Dodge: Dodged            |    58 |    22 ||    80

Table legend:
 A = Non-vault XP
 B = Vault XP
 C = Vault XP percentage of total XP
 D = Non-vault monster count
 E = Vault monster count
 F = Vault count percentage of total count
                 A         B        C        D         E       F
            +---------+---------+-------+---------+---------+-------
      Total |      71 |      72 |  50.3 |      41 |       2 |   4.7
            +---------+---------+-------+---------+---------+-------
        D:1 |      53 |       0 |   0.0 |      32 |       0 |   0.0
        D:2 |      18 |      72 |  80.0 |       9 |       2 |  18.2
            +---------+---------+-------+---------+---------+-------
